 Dungeon Crawl Stone Soup version 0.28-a0-1130-gc51a68064b (webtiles) character file.

Game seed: 17242170540262542652

97 ragingrage the Charlatan (level 4, 0/27 HPs)
             Began as a Gargoyle Artificer on Dec 12, 2021.
             Slain by an ogre (27 damage)
             ... on level 3 of the Dungeon.
             The game lasted 00:02:55 (3108 turns).

ragingrage the Charlatan (Gargoyle Artificer)       Turns: 3108, Time: 00:02:56

Health: 0/27       AC: 10    Str: 22    XL:     4   Next: 68%
Magic:  4/4        EV: 11    Int: 11    God:
Gold:   74         SH:  0    Dex: 12    Spells: 3/3 levels left

rFire   . . .      SeeInvis .   a - +0 war axe
rCold   . . .      Faith    .   (no shield)
rNeg    + . .      Spirit   .   k - +0 leather armour
rPois   ∞          Reflect  .   s - +0 helmet
rElec   +          Harm     .   t - +0 cloak
rCorr   .          Rampage  .   (no gloves)
Will    .....                   h - +0 pair of boots
Stlth   +.........              (no amulet)
HPRegen 0.09/turn               g - +6 ring of strength
MPRegen 0.09/turn               (no ring)

@: no status effects
A: sickness immunity, AC +3, negative energy resistance 1, electricity
resistance, torment resistance 1, petrification resistance
a: no special abilities


You were on level 3 of the Dungeon.
You visited 1 branch of the dungeon, and saw 4 of its levels.

You collected 74 gold pieces.

Inventory:

Hand Weapons
 a - a +0 war axe (weapon)
 b - a +0 hunting sling
 o - a +0 dagger
 p - a +0 short sword of holy wrath
Missiles
 j - 112 stones
Armour
 h - a +0 pair of boots (worn)
 k - a +0 leather armour (worn)
 s - a +0 helmet (worn)
 t - a +0 cloak (worn)
Jewellery
 g - a +6 ring of strength (left hand)
Wands
 c - a wand of flame (14) (quivered)
 d - a wand of charming (15)
Scrolls
 f - a scroll of enchant armour {unknown}
 l - a scroll of enchant weapon {unknown}
 m - a scroll of fog {unknown}
 r - a scroll of magic mapping {unknown}
Potions
 i - a potion of resistance
 n - 2 potions of mutation {unknown}
 q - a potion of attraction {unknown}
Miscellaneous
 e - a piece from Xom's chessboard (15/15)


   Skills:
 - Level 2.6 Fighting
 * Level 1.6 Axes
 - Level 2.1 Armour
 - Level 0.7 Dodging
 - Level 1.1 Stealth
 + Level 3.7 Evocations


You had 3 spell levels left.
You didn't know any spells.
Your spell library was empty.

Dungeon Overview and Level Annotations

Branches:
Dungeon (4/15)
 Temple: D:4-7

Altars:
Kikubaaqudgha

Annotations:
D:2 Natasha
D:3 exclusion: ogre
D:4 Pikel


Innate Abilities, Weirdness & Mutations

You are immune to sickness and miasma.
Your stone body is resilient. (AC +3)
You are immune to poison.
You resist negative energy. (rN+)
You are resistant to electric shocks. (rElec)
You are resistant to unholy torment.
You are immune to petrification.


Message History

The centaur skeleton misses you.
The centaur skeleton kicks you but does no damage.
You hit the centaur skeleton.
The centaur skeleton is lightly damaged.
The centaur skeleton barely misses you. The centaur skeleton kicks you.
The centaur skeleton closely misses you.
The centaur skeleton kicks you but does no damage.
You hit the centaur skeleton.
The centaur skeleton is moderately damaged.
The centaur skeleton barely misses you.
The centaur skeleton kicks you but does no damage.
The centaur skeleton closely misses you. x2
You hit the centaur skeleton.
The centaur skeleton is heavily damaged.
The centaur skeleton hits you but does no damage.
The centaur skeleton closely misses you. x2
The centaur skeleton kicks you but does no damage.
You slash the centaur skeleton!
The centaur skeleton is almost destroyed.
The centaur skeleton closely misses you.
The centaur skeleton barely misses you.
You hit the centaur skeleton.
The centaur skeleton is almost destroyed.
The centaur skeleton hits you.
The centaur skeleton kicks you but does no damage.
The centaur skeleton hits you but does no damage.
The centaur skeleton kicks you but does no damage.
You hit the centaur skeleton.
You destroy the centaur skeleton!
You start putting on your armour.
You continue putting on your +0 cloak. x4
You finish putting on your +0 cloak.
You see here 14 bolts.
There is a stone staircase leading up here.
You climb upwards.
Level annotation: exclusion: ogre
There is a stone staircase leading down here.
Unknown command.
The ogre hits you with a +0 giant club!!
Ouch! That really hurt!
You die...

#........# ##.####..###.#
#.....##.### #..##........
#.....##...#######....######.
##..######........<..........
#.## ##..............###. #.
#####.....#####.#### #.
##...##..### #..... ..
##8.>.8##.# ######
#...O@..#(# #.<.8...(.#
#.......### ##8.<.8## ##...##
#####


You could see an ogre.

Vanquished Creatures
  A centaur skeleton (D:4)
  An adder (D:3)
  2 dart slugs
  2 orcs (D:3)
  A bat (D:1)
  4 endoplasms
  3 giant cockroaches (D:1)
  3 goblins
  8 hobgoblins
  2 jackals (D:2)
  9 kobolds
  3 quokkas
  2 ball pythons
  2 frilled lizards
  2 rats (D:1)
45 creatures vanquished.

Notes
Turn   | Place    | Note
-------+----------+-------------------------------------------
     0 | D:1      | ragingrage the Gargoyle Artificer began the quest for the
                  | Orb.
     0 | D:1      | Reached XP level 1. HP: 12/12 MP: 1/1
   356 | D:1      | Reached XP level 2. HP: 16/17 MP: 2/2
   370 | D:1      | Found a faded altar of an unknown god.
   377 | D:1      | Reached skill level 3 in Evocations
  1762 | D:1      | Reached XP level 3. HP: 21/21 MP: 3/3
  1952 | D:2      | Found an ancient bone altar of Kikubaaqudgha.
  2377 | D:2      | Noticed Natasha
  2463 | D:3      | Noticed an ogre
  2673 | D:3      | Reached XP level 4. HP: 23/27 MP: 4/4
  2721 | D:3      | Reached skill level 1 in Axes
  3064 | D:4      | Noticed Pikel
  3064 | D:4      | Noticed a lemure
  3066 | D:4      | Noticed a lemure
  3067 | D:4      | Noticed a lemure
  3068 | D:4      | Noticed a lemure
  3108 | D:3      | Slain by an ogre

Illustrated notes

Levels and vault maps discovered:
D:1:      giann_horns, layout_loops_ring,
          shapermc_ecumenical_altar_totnotflames, chequers_serial_rivers_room_b
D:2:      layout_basic, serial_shops, nicolae_shop_hallway_plus, basic_altar,
          grunt_ministairs_13, serial_park_tiny_2, supply_closet_lemuel,
          st_stairs_2, uniq_natasha
D:3:      layout_rooms, grunt_ministairs_7, minmay_ruptured
D:4:      layout_rooms, yredelemnul_forgotten_temple_becter,
          minmay_temple_entry_poolview, minmay_misc_feat_roman,
          nicolae_concentric_dashed_squares_wild, hex_medium,
          minmay_fractal_squares_gapless_5, uniq_pikel

Skill      XL: |  1  2  3  4 |
---------------+-------------+-----
Evocations     | 3 |  3.7
Fighting       | 2 |  2.6
Axes           | 1 |  1.6
Armour         | |  2.1
Dodging        | |  0.7
Stealth        | |  1.1

Action                   |  1- 3 |  4- 6 || total
-------------------------+-------+-------++-------
Melee: Club              |    92 |       ||    92
       Dagger            |    87 |       ||    87
       Hand axe          |     9 |    10 ||    19
       War axe           |       |     7 ||     7
 Fire: Hunting sling     |    36 |     5 ||    41
Evoke: Wand              |     1 |       ||     1
Armor: Leather armour    |    84 |    13 ||    97
Dodge: Dodged            |   115 |    17 ||   132

Table legend: (Time is in decaauts)
 A = Elapsed time spent in this place.
 B = Non-inter-level travel time spent in this place.
 C = Inter-level travel time spent in this place.
 D = Time resting spent in this place.
 E = Time spent auto-exploring this place.
 F = Levels seen in this place.
 G = Mean time per level.
                   A        B        C        D        E       F      G
               +--------+--------+--------+--------+--------+-----+--------+
         Total |   3138 |   2891 |    247 |    923 |   1414 |   4 |  784.5 |
       Dungeon |   3138 |   2891 |    247 |    923 |   1414 |   4 |  784.5 |
               +--------+--------+--------+--------+--------+-----+--------+

Top non-repeatable levels by time:
     D:1: 1959 daAuts
     D:3: 692 daAuts
     D:2: 451 daAuts
     D:4: 34 daAuts
